 Dungeon Crawl Stone Soup version 0.19.1-1-g22dce08 (webtiles) character file.

239 theAP the Slasher (level 6, -7/56 HPs)
             Began as a Hill Orc Fighter on Jan 14, 2017.
             Killed from afar by lorenzova's ghost (13 damage)
             ... with an orb of energy
             ... on level 3 of the Dungeon.
             The game lasted 00:03:23 (1483 turns).

theAP the Slasher (Hill Orc Fighter)                Turns: 1483, Time: 00:03:24

Health: -7/56      AC:  7    Str: 21    XL:     6   Next: 7%
Magic:  6/6        EV:  7    Int:  8    God:
Gold:   97         SH: 11    Dex: 10    Spells: 0 memorised, 5 levels left

rFire  . . .     SeeInvis .     a - +1 long sword
rCold  . . .     Gourm    .     b - +0 scale mail
rNeg   . . .     Faith    .     c - +3 shield
rPois  .         Spirit   .     m - +0 helmet (curse)
rElec  .         Reflect  .     (no cloak)
rCorr  .         Harm     .     (no gloves)
MR     .....                    (no boots)
Stlth  ..........               (no amulet)
                                (no ring)
                                (no ring)

@: heavily drained
A: no striking features
a: no special abilities


You were on level 3 of the Dungeon.
You were very hungry.

You visited 1 branch of the dungeon, and saw 3 of its levels.

You collected 97 gold pieces.

Inventory:

Hand Weapons
 a - a +1 long sword (weapon)
Armour
 b - a +0 scale mail (worn)
 c - a +3 shield (worn)
 m - a cursed +0 helmet (worn)
Scrolls
 e - 3 scrolls of remove curse
 l - a scroll of enchant weapon
 n - a scroll of identify
 o - 2 scrolls of teleportation
Potions
 d - a potion of might
 h - a potion of ambrosia {unknown}
 i - a potion of flight {unknown}
 j - a potion of agility {unknown}
 p - 2 potions of brilliance
Comestibles
 f - 2 bread rations
 g - a meat ration
 k - a beef jerky


   Skills:
 + Level 5.0(3.8) Fighting
 * Level 5.1(3.9) Long Blades
 - Level 3.2(2.1) Armour
 + Level 1.9(0.8) Dodging
 - Level 3.2(2.1) Shields


You had 5 spell levels left.
You didn't know any spells.

Dungeon Overview and Level Annotations

Branches:
Dungeon (3/15)

Altars:

Annotations:
D:3 lorenzova's ghost, amateur DECj


Message History

Lorenzova's ghost barely misses you.
You hit lorenzova's ghost but do no damage.
Lorenzova's ghost is severely damaged.
Lorenzova's ghost casts a spell at you. The orb of energy hits you!
* * * LOW HITPOINT WARNING * * *
The orb of energy explodes!
Lorenzova's ghost hits you but does no damage.
You feel drained.
You hit lorenzova's ghost.
Lorenzova's ghost is almost destroyed.
Lorenzova's ghost points at you and mumbles some strange words.
The magic dart hits you!
* * * LOW HITPOINT WARNING * * *
You completely miss lorenzova's ghost.
Lorenzova's ghost is almost destroyed.
Lorenzova's ghost wails, "Do you think the gods will protect you?"
Lorenzova's ghost casts a spell at you. The orb of energy hits you!
You die...

####### ....... ...#...###
.........# ...#..?#.#
......W@.#######.. ######
########.........#
.....########...###.......#
.###................#####.#
...##.###########......#
##....# ##.###.... .....##
#.# #.. ####..# #.# # ##
##.## ...


You could see lorenzova's ghost.

Vanquished Creatures
  Sigmund (D:2)
  Terence (D:2)
  An adder (D:2)
  An ooze (D:3)
  2 leopard geckos
  4 giant cockroaches
  6 goblins
  4 hobgoblins
  3 jackals (D:2)
  2 quokkas
  7 bats
  5 frilled lizards
  4 kobolds
  3 rats (D:2)
44 creatures vanquished.

Vanquished Creatures (others)
  A goblin (D:3)
1 creature vanquished.

Grand Total: 45 creatures vanquished

Notes
Turn   | Place    | Note
-------+----------+-------------------------------------------
     0 | D:1      | theAP the Hill Orc Fighter began the quest for the Orb.
     0 | D:1      | Reached XP level 1. HP: 19/19 MP: 1/1
    92 | D:1      | Reached XP level 2. HP: 26/27 MP: 2/2
   703 | D:2      | Noticed Terence
   711 | D:2      | Killed Terence
   711 | D:2      | Reached XP level 3. HP: 32/33 MP: 3/3
   771 | D:2      | Noticed Sigmund
   782 | D:2      | Killed Sigmund
   782 | D:2      | Reached skill level 5 in Fighting
   782 | D:2      | Reached skill level 1 in Dodging
   782 | D:2      | Reached XP level 4. HP: 27/42 MP: 4/4
   782 | D:2      | Reached XP level 5. HP: 31/48 MP: 5/5
  1041 | D:2      | Reached skill level 5 in Long Blades
  1098 | D:2      | Reached XP level 6. HP: 56/56 MP: 6/6
  1466 | D:3      | Noticed lorenzova's ghost (amateur DECj)
  1483 | D:3      | Killed from afar by lorenzova's ghost

Skill      XL: |  1  2  3  4  5 |
---------------+----------------+-----
Fighting       | 4 5 |  5.0
Long Blades    | 3 4 5 |  5.1
Dodging        | 1 |  1.9
Armour         | |  3.2
Shields        | |  3.2

Action                   |  1- 3 |  4- 6 || total
-------------------------+-------+-------++-------
Melee: Long sword        |    95 |    75 ||   170
  Use: Scroll            |     7 |     4 ||    11
       Potion            |     1 |       ||     1
  Eat: Chunk             |       |     1 ||     1
Armor: Scale mail        |    56 |    29 ||    85
Dodge: Dodged            |    27 |    22 ||    49
Block: Shield            |    74 |    55 ||   129
       Rpst.: Long sword |     7 |     9 ||    16
